 Dungeon Crawl Stone Soup version 0.23-b1-6-ga921848 (webtiles) character file.

Game seed: 10729197928522093831

15010 dengdeng the Carver (level 11, -34/145 HPs)
             Began as a Minotaur Berserker on Feb 1, 2019.
             Was a High Priest of Trog.
             Annihilated by an enormous slime creature (68 damage)
             ... on level 13 of the Dungeon.
             The game lasted 00:51:07 (11332 turns).

dengdeng the Carver (Minotaur Berserker)           Turns: 11332, Time: 00:51:08

Health: -34/145    AC: 19    Str: 36    XL:     11   Next: 96%
Magic:  10/10      EV: 11    Int:  2    God:    Trog [*****.]
Gold:   394        SH:  0    Dex: 13    Spells: 10/10 levels left

rFire    . . .     SeeInvis .   Q - +1 great sword (slice)
rCold    + . .     Gourm    .   (shield currently unavailable)
rNeg     + + +     Faith    .   E - +3 plate armour {rC+}
rPois    +         Spirit   .   (helmet restricted)
rElec    .         Reflect  .   (no cloak)
rCorr    .         Harm     .   R - +0 pair of gloves of Hepliaklqana's Anger {rN++ Str+5 Int-2} (curse)
MR       .....     NoTele   +   (no boots)
Stlth    ..........             x - amulet "Seaskug" {Acrobat -Tele rF- rN+++ Dex+4}
HPRegen  0.34/turn              i - ring of protection from fire
MPRegen  0.12/turn              k - ring of poison resistance

@: berserking, very quick
A: retaliatory headbutt, horns 2
a: Berserk, Trog's Hand, Brothers in Arms, Renounce Religion


You were on level 13 of the Dungeon.
You worshipped Trog.
Trog was extremely pleased with you.
You were not hungry.

You visited 1 branch of the dungeon, and saw 13 of its levels.

You collected 697 gold pieces.
You spent 303 gold pieces at shops.

Inventory:

Hand Weapons
 J - a +3 long sword of freezing
 Q - a +1 great sword of slicing (weapon)
Missiles
 g - 250 stones
 m - 29 tomahawks
 y - 4 poisoned tomahawks
 D - 3 tomahawks of returning (quivered)
 T - 7 steel javelins
Armour
 E - a +3 plate armour of cold resistance (worn)
 R - the cursed +0 pair of gloves of Hepliaklqana's Anger (worn) {rN++ Str+5 Int-2}
   (You bought it in a shop on level 6 of the Dungeon)

   It affects your strength (+5).
   It affects your intelligence (-2).
   It greatly protects you from negative energy.
   It has a curse placed upon it.
Jewellery
 i - a ring of protection from fire (left hand)
 k - a ring of poison resistance (right hand)
 x - the amulet "Seaskug" (around neck) {Acrobat -Tele rF- rN+++ Dex+4}
   (You found it on level 4 of the Dungeon)

   [amulet of the acrobat]

   It helps you evade while moving and waiting.
   It affects your dexterity (+4).
   It makes you vulnerable to fire.
   It renders you almost immune to negative energy.
   It prevents most forms of teleportation.
 H - an uncursed ring of fire {unknown}
Scrolls
 d - a scroll of fear {unknown}
 h - 7 scrolls of identify
 j - 6 scrolls of remove curse
 l - 3 scrolls of immolation {unknown}
 p - a scroll of blinking {unknown}
 q - 5 scrolls of teleportation {unknown}
 A - 2 scrolls of enchant armour {unknown}
 B - 2 scrolls of amnesia {unknown}
 G - 2 scrolls of magic mapping {unknown}
 K - a scroll of summoning {unknown}
 M - 4 scrolls of enchant weapon {unknown}
 P - a scroll of holy word {unknown}
Potions
 b - 4 potions of curing {unknown}
 e - 4 potions of heal wounds {unknown}
 f - a potion of ambrosia {unknown}
 o - 3 potions of magic {unknown}
 r - a potion of brilliance {unknown}
 t - a potion of flight {unknown}
 v - a potion of lignification {unknown}
 w - a potion of resistance {unknown}
 z - 3 potions of haste {unknown}
 C - 2 potions of invisibility {unknown}
 N - a potion of might {unknown}
 O - a potion of degeneration {unknown}
Miscellaneous
 n - a phial of floods
Comestibles
 a - 5 chunks of flesh
 c - 19 rations


   Skills:
 + Level 9.6 Fighting
   Level 7.0(11.4) Short Blades
 + Level 14.9(15.5) Long Blades
 + Level 4.1 Throwing
 + Level 11.2 Armour
 + Level 4.7 Dodging
 + Level 1.1 Stealth


You had 10 spell levels left.
You didn't know any spells.
Your spell library was empty.

Dungeon Overview and Level Annotations

Branches:
Dungeon (13/15)            Temple (0/1) D:5            Lair (0/6) D:9
    Orc (0/2) D:11
 Vaults: D:13-14

Altars:
Fedhas
Qazlal
Ru
Uskayaw
Beogh

Shops:
D:5 :   D:6 [   D:11 }([=?   D:13 *


Innate Abilities, Weirdness & Mutations

You reflexively headbutt those who attack you in melee.
You have a pair of horns on your head.


Message History

The very large slime creature is severely wounded.
Two slime creatures merge to form an enormous slime creature.
You hit the enormous slime creature.
You headbutt the enormous slime creature.
The enormous slime creature is heavily wounded.
The enormous slime creature hits you.
You slice the enormous slime creature!!
You headbutt the enormous slime creature!
The enormous slime creature is severely wounded.
You hit the enormous slime creature.
You headbutt the enormous slime creature!
The enormous slime creature is severely wounded.
The enormous slime creature hits you!!!
Ouch! That really hurt!
* * * LOW HITPOINT WARNING * * *
A slime creature comes into view.
A red film seems to cover your vision as you go berserk!
You feel yourself moving faster!
You feel mighty!
You feel quite a bit more hungry. The enormous slime creature hits you!!!
You die...

# #. #.. ###...#####
J.....J@..#####
..######......#
#......# #......#
...#......##########
..................>.
.^.####.###..######.
... #.# #..#....#.
## #.###..#.##.#.


You could see an enormous slime creature and a slime creature.

Vanquished Creatures
  A two-headed ogre (D:10)
  An unseen horror (D:12)
  An ugly thing (D:11)
  2 cyclopes (D:11)
  A deep elf mage (D:13)
  A queen bee (D:8)
  A troll (D:11)
  3 hippogriffs
  A slime creature (D:13)
  2 shadows (D:11)
  A vampire (D:8)
  Sigmund (D:2)
  2 wyverns (D:9)
  7 yaks
  5 hungry ghosts
  A warg (D:11)
  3 porcupines (D:9)
  3 sky beasts
  An eye of draining (D:12)
  4 ice beasts
  13 orc warriors
  4 phantoms
  3 black bears
  A necrophage (D:7)
  5 ogres
  8 centaurs
  7 bullfrogs
  5 scorpions
  23 killer bees
  4 wights (D:7)
  7 howler monkeys
  A bullfrog zombie (D:12)
  5 crimson imps
  8 hounds
  7 orc priests
  4 centaur skeletons
  A bullfrog skeleton (D:8)
  3 jellies
  Natasha (thrice) (D:2)
  2 iguanas
  14 orc wizards
  13 worker ants
  A howler monkey zombie (D:10)
  11 adders
  2 shadow imps (D:5)
  2 oozes
  An adder zombie (D:9)
  An adder skeleton (D:7)
  A dart slug (D:1)
  6 leopard geckos
  49 orcs
  4 ball pythons
  4 giant cockroaches
  12 hobgoblins
  10 jackals
  9 kobolds
  A quokka (D:5)
  11 bats
  6 frilled lizards
  6 goblins
  A leopard gecko skeleton (D:4)
  2 quokka zombies
  7 rats
330 creatures vanquished.

Vanquished Creatures (others)
  2 fungi (D:9)
  A plant (D:9)
3 creatures vanquished.

Grand Total: 333 creatures vanquished

Notes
Turn   | Place    | Note
-------+----------+-------------------------------------------
     0 | D:1      | dengdeng the Minotaur Berserker began the quest for the
                  | Orb.
     0 | D:1      | Reached XP level 1. HP: 19/19 MP: 0/0
    54 | D:1      | Reached skill level 4 in Long Blades
    54 | D:1      | Reached XP level 2. HP: 26/27 MP: 1/1
   292 | D:1      | Reached ** piety under Trog
   542 | D:1      | You fall through a shaft!
   555 | D:2      | Reached XP level 3. HP: 27/33 MP: 2/2
   682 | D:2      | Noticed Natasha
   690 | D:2      | Killed Natasha
   690 | D:2      | Reached skill level 5 in Long Blades
   852 | D:2      | Reached XP level 4. HP: 41/41 MP: 3/3
  1095 | D:2      | Noticed Sigmund
  1105 | D:2      | Killed Sigmund
  1105 | D:2      | Reached skill level 6 in Long Blades
  1105 | D:2      | Reached XP level 5. HP: 47/47 MP: 4/4
  1129 | D:2      | Noticed Natasha
  1135 | D:2      | Killed Natasha
  1135 | D:2      | Reached XP level 6. HP: 48/53 MP: 5/5
  1663 | D:2      | Reached *** piety under Trog
  1679 | D:2      | Noticed Natasha
  1686 | D:2      | Killed Natasha
  1973 | D:2      | Reached skill level 7 in Long Blades
  2842 | D:4      | Got a scintillating lead amulet
  2921 | D:4      | Identified the amulet "Seaskug" {Acrobat -Tele rF- rN+++
                  | Dex+4} (You found it on level 4 of the Dungeon)
  2947 | D:4      | Noticed a sky beast
  2955 | D:4      | Killed a sky beast
  2955 | D:4      | Reached skill level 5 in Fighting
  2955 | D:4      | Reached XP level 7. HP: 61/61 MP: 6/6
  3398 | D:5      | Entered Level 5 of the Dungeon
  3422 | D:5      | Found a sacrificial altar of Ru.
  3431 | D:5      | Reached skill level 1 in Short Blades
  3431 | D:5      | Reached skill level 5 in Armour
  3483 | D:5      | Reached skill level 8 in Long Blades
  3483 | D:5      | Reached skill level 1 in Stealth
  3721 | D:5      | Reached XP level 8. HP: 52/68 MP: 7/7
  3814 | D:5      | Found a staircase to the Ecumenical Temple.
  3898 | D:5      | Reached **** piety under Trog
  4025 | D:5      | Found Hompuel's Book Boutique.
  4091 | D:6      | Found Liruesm's Armour Emporium.
  4517 | D:6      | Noticed a hippogriff
  4526 | D:6      | Killed a hippogriff
  4526 | D:6      | Reached skill level 5 in Short Blades
  4713 | D:6      | Got an iridescent dagger
  5072 | D:7      | Reached skill level 9 in Long Blades
  5072 | D:7      | Reached XP level 9. HP: 73/75 MP: 8/8
  5773 | D:7      | Found a stormy altar of Qazlal.
  6176 | D:8      | Noticed a queen bee
  6178 | D:8      | Reached skill level 10 in Long Blades
  6198 | D:8      | Killed a queen bee
  6198 | D:8      | Reached skill level 1 in Throwing
  6210 | D:8      | Reached XP level 10. HP: 43/84 MP: 9/9
  6724 | D:8      | Reached skill level 11 in Long Blades
  6843 | D:8      | Reached ***** piety under Trog
  7149 | D:9      | Found a staircase to the Lair.
  7204 | D:9      | Found a hide-covered altar of Uskayaw.
  7282 | D:9      | Found a blossoming altar of Fedhas.
  7408 | D:9      | Reached skill level 12 in Long Blades
  7498 | D:9      | Received a gift from Trog
  7846 | D:10     | Entered Level 10 of the Dungeon
  8260 | D:10     | Noticed a two-headed ogre
  8268 | D:10     | Killed a two-headed ogre
  8268 | D:10     | Reached skill level 13 in Long Blades
  8268 | D:10     | Reached XP level 11. HP: 85/94 MP: 10/10
  8288 | D:10     | Reached skill level 10 in Armour
  9137 | D:11     | Found Estrol's Antique Armour Boutique.
  9156 | D:11     | Found Gigecwy's Antique Weapon Shoppe.
  9352 | D:6      | Bought the cursed +0 pair of gloves of Hepliaklqana's Anger
                  | {rN++ Str+5 Int-2} for 303 gold pieces
  9515 | D:11     | Found a staircase to the Orcish Mines.
  9608 | D:11     | Found a roughly hewn altar of Beogh.
  9610 | D:11     | Found Duaps's Jewellery Shop.
  9691 | D:11     | Reached skill level 14 in Long Blades
  9825 | D:11     | Found Heyziuts's Magic Scroll Shoppe.
  9867 | D:11     | Noticed a brown ugly thing
  9868 | D:11     | Found Aroybbox's Gadget Emporium.
  9873 | D:11     | Killed a brown ugly thing
  9938 | D:11     | Received a gift from Trog
 10431 | D:12     | Killed an unseen horror
 11192 | D:13     | Noticed a deep elf mage
 11199 | D:13     | Killed a deep elf mage
 11217 | D:13     | Found Faumesi's General Store.
 11332 | D:13     | Annihilated by an enormous slime creature

Skill      XL: |  1  2  3  4  5  6  7  8  9 10 11 |
---------------+----------------------------------+-----
Long Blades    | 4 5 6 7 8 9 10 13 14 | 14.9
Fighting       | 4 5 6 7 9 |  9.6
Armour         | 3 4 5 7 9 11 | 11.2
Dodging        | 3 4 |  4.7
Short Blades   | 3 5 6 7 |  7.0
Stealth        | 1 |  1.1
Throwing       | 1 3 4 |  4.1

Action                   |  1- 3 |  4- 6 |  7- 9 | 10-12 || total
-------------------------+-------+-------+-------+-------++-------
Melee: Falchion          |    68 |    96 |       |       ||   164
       Headbutt          |    14 |    23 |    81 |    98 ||   216
       Rapier            |       |    18 |   199 |       ||   217
       Long sword        |       |       |    94 |   189 ||   283
       Great sword       |       |       |       |   180 ||   180
Throw: Stone             |     1 |       |    14 |    75 ||    90
       Tomahawk          |       |       |       |     4 ||     4
Invok: Berserk           |       |     1 |     1 |     3 ||     5
       Trog's Hand       |       |     1 |     6 |     4 ||    11
  Use: Scroll            |       |     2 |       |     1 ||     3
 Stab: Paralysed         |       |       |     1 |       ||     1
  Eat: Chunk             |       |     8 |    11 |    18 ||    37
       Ration            |       |       |     2 |     1 ||     3
Armor: Animal skin       |     8 |       |       |       ||     8
       Ring mail         |     5 |    21 |       |       ||    26
       Scale mail        |       |    19 |     3 |       ||    22
       Chain mail        |       |       |    55 |       ||    55
       Plate armour      |       |       |    87 |   188 ||   275
Dodge: Dodged            |    41 |    74 |   160 |   243 ||   518
Block: Other             |       |    12 |       |       ||    12
       Reflection        |       |     1 |       |       ||     1
       Rpst.: Falchion   |    14 |    13 |       |       ||    27
       Long sword        |       |       |    13 |    14 ||    27
       Great sword       |       |       |       |    26 ||    26
